 Dungeon Crawl Stone Soup version 0.30.1-1-g62c8e00024 (webtiles) character file.

Game seed: 18358695397886899096

7 LynnLen the Sneak (level 1, -1/9 HPs)
             Began as a Spriggan Enchanter on July 15, 2023.
             Frozen to death by an endoplasm (4 damage)
             ... on level 1 of the Dungeon.
             The game lasted 00:01:06 (236 turns).

LynnLen the Sneak (Spriggan Enchanter)               Turns: 236, Time: 00:01:06

Health: -1/9       AC:  2    Str:  4    XL:     1   Next: 91%
Magic:  5/5        EV: 17    Int: 16    God:
Gold:   12         SH:  0    Dex: 15    Spells: 5/5 levels left

rFire   . . .        a - +1 dagger
rCold   . . .        (no shield)
rNeg    . . .        b - +0 robe
rPois   .            (helmet restricted)
rElec   .            (no cloak)
rCorr   .            (gloves unavailable)
SInv    +            (boots unavailable)
Will    .....        (no amulet)
Stlth   +++          (no ring)
HPRegen 0.21/turn    (no ring)
MPRegen 0.09/turn

%: no passive effects
@: invisible, very quick
A: very small, no large weapons, unfitting armour, see invisible, speed 3
a: no special abilities


You were on level 1 of the Dungeon.
You visited 1 branch of the dungeon, and saw 1 of its levels.

You collected 12 gold pieces.

Inventory:

Hand Weapons
 a - a +1 dagger (weapon)
Armour
 b - a +0 robe (worn)
Scrolls
 d - a scroll of fog {unknown}
Potions
 c - a potion of invisibility


   Skills:
 + Level 0.2 Fighting
 + Level 1.2 Short Blades
 + Level 2.8 Dodging
 * Level 4.8 Stealth
 + Level 2.7 Spellcasting
 + Level 3.7 Hexes


You had 5 spell levels left.
You didn't know any spells.
Your spell library contained the following spells:

 Spells                   Type           Power      Damage    Failure   Level
 Confusing Touch          Hex            14%        N/A       12%         3
 Tukima's Dance           Hex            14%        N/A       12%         3
 Ensorcelled Hibernation  Hex/Ice        16%        N/A       14%         2
 Dazzling Flash           Conj/Hex       16%        N/A       26%         3
 Ozocubu's Armour         Ice            2%         N/A       50%         3
 Spider Form              Tmut/Pois      2%         N/A       50%         3
 Anguish                  Hex/Necr       4%         N/A       65%         4
 Metabolic Englaciation   Hex/Ice        4%         N/A       94%         5
 Simulacrum               Ice/Necr       1%         N/A       100%        6


Dungeon Overview and Level Annotations

Branches:
Dungeon (1/15)

Altars:


Innate Abilities, Weirdness & Mutations

You are very small and have problems with some larger weapons.
You are too small for most types of armour.
You have supernaturally acute eyesight. (SInv)
You cover ground extremely quickly. (Speed+++)


Message History

You barely miss the jackal.
The jackal is severely wounded.
The rat closely misses you. The jackal misses you. The ball python bites you.
The ball python completely misses you.
You hit the jackal but do no damage.
The jackal is heavily wounded.
The jackal closely misses you. The rat misses you.
The ball python closely misses you. The ball python misses you.
The jackal misses you.
You closely miss the jackal.
The jackal is heavily wounded.
The ball python closely misses you. The ball python grabs you.
The ball python constricts you. The rat closely misses you.
The jackal bites you.
You closely miss the jackal.
The jackal is heavily wounded.
The ball python barely misses you. The ball python constricts you.
The jackal closely misses you. The rat barely misses you.
The ball python barely misses you. The ball python constricts you.
Unknown command.
You escape the ball python's grasp.
The jackal closely misses you.
You see here 17 gold pieces.
You hit the rat.
The rat is moderately wounded.
The jackal bites you. The rat bites you.
* * * LOW HITPOINT WARNING * * *
The jackal barely misses you.
You fade into invisibility!
The jackal completely misses you. The rat closely misses you.
You hit the rat.
You kill the rat!
You catch the helpless jackal completely off-guard!
You puncture the jackal!
You kill the jackal!
You catch the helpless ball python completely off-guard!
You puncture the ball python!
You kill the ball python!
The endoplasm freezes you.
You are frozen.
You die...

.........+ .........#
#.......##
##.....#####
###...####..
#........#.#######
#.##.###.#.#..... #.
#.# #.#.##.#J##
#.##.###.#.#$[.|@#
#..........###.###..#
#......#.#..........#
......##.#######....#
#.##.###.# #####
#..... ..# ###### ###


You could see an endoplasm.

Vanquished Creatures
  A ball python (D:1)
  A goblin (D:1)
  A jackal (D:1)
  A quokka (D:1)
  2 bats (D:1)
  2 rats (D:1)
8 creatures vanquished.

Notes
Turn   | Place    | Note
-------+----------+-------------------------------------------
     0 | D:1      | LynnLen the Spriggan Enchanter began the quest for the Orb.
     0 | D:1      | Reached XP level 1. HP: 9/9 MP: 5/5
   236 | D:1      | Frozen to death by an endoplasm

Illustrated notes

Levels and vault maps discovered:
D:1:      lightli_molten_gateway, layout_loops_corners,
          shapermc_ecumenical_altar_mp_urbaneastern, minmay_split_cup_large

Action                     || total
---------------------------++-------
  Melee: Dagger            ||    26
    Use: Potion            ||     1
   Stab: Invisible         ||     2
 Armour: Robe              ||     4
  Dodge: Dodged            ||    42
